 Dungeon Crawl Stone Soup version bcrawl-1.40.1 (webtiles) character file.

Game seed: 17422532279091843148

374471 Mehrunes the Warrior (level 17, -28/147 (148) HPs)
             Began as a Mummy Wizard on Oct 26, 2023.
             Was the Champion of Vehumet.
             Shot with an arrow by a deep elf master archer (31 damage)
             ... on level 3 of the Elven Halls on Oct 28, 2023.
             The game lasted 02:47:25 (45261 turns).

Mehrunes the Warrior (Mummy Wizard)                Turns: 45261, Time: 02:47:26

HP:   -28/147 (148) AC: 20    Str: 15    XL:     17   Next: 68%
MP:   18/33         EV: 15    Int: 36    God:    Vehumet [******]
Gold: 1836          SH:  9    Dex: 16    Spells: 2/40 levels left

rFire    . . .     GDR:     33% K - staff of conjuration
rCold    + . .     SeeInvis .   A - +2 buckler
rNeg     + + +     Gourm    +   c - +4 ring mail of Qyog {Int+3}
rPois    ∞         Faith    .   U - +1 helmet "Xefareu" {Str+5 Int+2}
rElec    .         Spirit   .   V - +2 cloak {rPois}
rCorr    .         Reflect  .   y - +0 pair of gloves
MR       +++..     Clarity  +   C - +0 pair of boots
Stlth    ..........             H - amulet "Onlas" {Gourm Int+3 Dex+5 Stlth-}
HPRegen  0.34/turn              k - ring "Nurrisen" {*Drain rN+ MR+ AC+2 Int+4}
MPRegen  0.23/turn              b - ring of protection from fire

@: about to teleport
A: no food or potions, fire vulnerability, clarity, cold resistance 1, negative
energy resistance 3, torment resistance, unbreathing, strong hexes 1
a: Renounce Religion


You were on level 3 of the Elven Halls.
You worshipped Vehumet.
Vehumet was exalted by your worship.
You were not hungry.

You visited 6 branches of the dungeon, and saw 25 of its levels.
You also visited: Ossuary, Gauntlet and Volcano.

You collected 3984 gold pieces.
You spent 2148 gold pieces at shops.

Inventory:

Hand Weapons
 q - a +5 rapier of flaming
 W - a +2 rapier of speed
Armour
 c - the +4 ring mail of Qyog (worn) {Int+3}
   (You found it on level 1 of the Lair of Beasts)

   It affects your intelligence (+3).
 o - the +0 chain mail "Qoffouv" {rElec MP+9 Str+10 Int-5}
   (You took it off a deep elf blademaster on level 3 of the Elven Halls)

   It affects your strength (+10).
   It affects your intelligence (-5).
   It insulates you from electricity.
   It affects your magic capacity (+9).
 y - a +0 pair of gloves (worn)
 A - a +2 buckler (worn)
 C - a +0 pair of boots (worn)
 U - the +1 helmet "Xefareu" (worn) {Str+5 Int+2}
   (You found it in a Gauntlet)

   It affects your strength (+5).
   It affects your intelligence (+2).
 V - a +2 cloak of poison resistance (worn)
Magical Staves
 j - an uncursed staff of fire
 B - an uncursed staff of air
 I - an uncursed staff of earth
 K - an uncursed staff of conjuration (weapon)
Jewellery
 b - a ring of protection from fire (right hand)
 h - a +5 ring of dexterity
 k - the ring "Nurrisen" (left hand) {*Drain rN+ MR+ AC+2 Int+4}
   (You bought it in a shop in the Orcish Mines)

   [ring of protection]

   It affects your AC (+2).
   It affects your intelligence (+4).
   It protects you from negative energy.
   It affects your resistance to hostile enchantments.
   It causes draining when unequipped.
 n - an uncursed ring of ice
 s - a +7 ring of intelligence {unknown}
 t - the ring of Sloth {Ice Int+3}
   (You found it on level 5 of the Dungeon)

   [ring of ice]

   It enhances your ice magic.
   It affects your intelligence (+3).
   It makes you vulnerable to fire.
   It protects you from cold.
 u - the ring of Xom's Brutal Revenge {+Blink Stlth--}
   (You found it on level 5 of the Dungeon)

   [ring of attention]

   It lets you blink.
   It makes you much less stealthy.
 v - an uncursed ring of magical power
 D - an uncursed ring of magical power
 F - a +5 ring of protection
 H - the amulet "Onlas" (around neck) {Gourm Int+3 Dex+5 Stlth-}
   (You bought it in a shop in the Orcish Mines)

   [amulet of the gourmand]

   It allows you to eat raw meat even when not hungry.
   It affects your intelligence (+3).
   It affects your dexterity (+5).
   It makes you less stealthy.
 M - an uncursed ring of stealth
 P - an uncursed ring of protection from fire
 S - a +5 amulet of reflection {pickup, unknown}
 Y - an uncursed amulet of faith
Wands
 g - a wand of digging (10)
 m - a wand of paralysis (16)
 w - a wand of iceblast (27)
 z - a wand of polymorph (33)
 N - a wand of clouds (9)
 Q - a wand of disintegration (9)
Scrolls
 a - a scroll of silence
 d - 6 scrolls of noise
 e - 11 scrolls of teleportation
 f - a scroll of blinking
 i - 14 scrolls of identify
 l - 11 scrolls of remove curse
 p - 8 scrolls of amnesia
 r - 2 scrolls of fear
 E - 2 scrolls of immolation
 G - 2 scrolls of revelation
 L - 2 scrolls of summoning
 R - 3 scrolls of vulnerability
 T - 2 scrolls of enchant armour
 Z - a scroll of torment
Miscellaneous
 J - a lightning rod (4/4)
 O - a phial of floods
 X - a phantom mirror


   Skills:
 + Level 17.4 Fighting
 - Level 8.3 Short Blades
 - Level 7.2 Armour
 - Level 8.1 Dodging
 - Level 2.1 Stealth
 + Level 9.0 Shields
 - Level 12.0 Spellcasting
 - Level 10.0 Conjurations
 - Level 0.7 Summonings
   Level 0.7 Translocations
 + Level 9.4 Fire Magic
 - Level 0.5 Air Magic
 - Level 6.0 Earth Magic
 - Level 0.5 Poison Magic


You had 2 spell levels left.
You knew the following spells:

 Your Spells              Type           Power        Failure   Level  Hunger
a - Magic Dart            Conj           ####         1%          1    N/A
b - Mephitic Cloud        Conj/Pois/Air  ######..     1%          3    N/A
c - Searing Ray           Conj           #######.     1%          2    N/A
d - Iskenderun's Mystic   Conj           #######.     1%          3    N/A
e - Bolt of Magma         Conj/Fire/Erth #######...   1%          5    N/A
f - Throw Icicle          Conj/Ice       ######..     1%          4    N/A
g - Fireball              Conj/Fire      #######...   1%          5    N/A
h - Iron Shot             Conj/Erth      #######...   9%          6    N/A
i - Call Imp              Summ           ####..       6%          2    N/A
j - Sticky Flame          Conj/Fire      #######.     1%          4    N/A
k - Conjure Flame         Conj/Fire      #######.     1%          3    N/A

Your spell library contained the following spells:

 Spells                   Type           Power        Failure   Level  Hunger
 Bolt of Fire             Conj/Fire      #######...   4%          6    N/A
 Sting                    Conj/Pois      ####         1%          1    N/A
 Passwall                 Tmut/Erth      #####...     2%          2    N/A
 Corona                   Hex            ####...      5%          1    N/A
 Infusion                 Chrm           ###.....     5%          1    N/A
 Blink                    Tloc           N/A          6%          2    N/A
 Poisonous Vapours        Pois/Air       ####..       7%          2    N/A
 Swiftness                Chrm/Air       ###.....     8%          2    N/A
 Shackle                  Hex            ####....     9%          2    N/A
 Song of Slaying          Chrm           ###.....     9%          2    N/A
 Sticks to Snakes         Tmut           ###.....     9%          2    N/A
 Ignite Poison            Fire/Tmut/Pois #####...     1%          3    N/A
 Inner Flame              Hex/Fire       N/A          1%          3    N/A
 Venom Bolt               Conj/Pois      ######....   4%          5    N/A
 Iskenderun's Battlesphe  Conj/Chrm      ######..     5%          5    N/A
 False Image              Hex/Summ       #####...     14%         3    N/A
 Yara's Violent Unravell  Hex/Tmut       ####......   14%         4    N/A
 Ozocubu's Armour         Chrm/Ice       ###.....     16%         3    N/A
 Spectral Weapon          Hex/Chrm       ####....     16%         3    N/A
 Steam Barrier            Chrm/Fire      ######....   22%         5    N/A
 Summon Scorpions         Summ/Pois      ####....     38%         4    N/A
 Olgreb's Toxic Radiance  Pois           ####.....    41%         4    N/A
 Cause Fear               Hex            ####......   47%         4    N/A
 Piercing Shot            Chrm           ###.......   83%         5    N/A
 Time Stop                Chrm/Tloc      N/A          100%        8    N/A
 Shatter                  Erth           ######....   100%        9    N/A
 Beastly Appendage        Tmut           Unusable     N/A         1    N/A
 Spider Form              Tmut/Pois      Unusable     N/A         3    N/A
 Regeneration             Chrm/Necr      Unusable     N/A         3    N/A
 Ice Form                 Ice/Tmut       Unusable     N/A         4    N/A
 Blade Hands              Tmut           Unusable     N/A         5    N/A
 Statue Form              Tmut/Erth      Unusable     N/A         6    N/A

Dungeon Overview and Level Annotations

Branches:
Dungeon (12/12)            Temple (1/1) D:7            Lair (6/6) D:9
  Snake (2/3) Lair:3       Spider (0/3) Lair:4        Slime (0/5) Orc
    Orc (1/1) D:11            Elf (3/3) Lair:6       Vaults (0/3) D:12
 Depths (0/5) D:12

Altars:
Ashenzari
Cheibriados
Dithmenos
Gozag
Hepliaklqana
Kikubaaqudgha
Lugonu
Makhleb
Nemelex Xobeh
Okawaru
Qazlal
Ru
Sif Muna
Trog
Uskayaw
Vehumet
Wu Jian
Xom
Yredelemnul
Jiyva

Shops:
D:4 (   D:5 *   D:7 *[   D:12 :   Orc **%[(}*=   Elf:1 (   Elf:3 %   Snake:1 }

Portals:
Abyss: Lair:6

Annotations:
D:10 exclusion: door
D:12 1 runed translucent door
Lair:2 1 runed translucent door, exclusion: upstairs, zoran's ghost, journeyman DsCK
Lair:5 1 runed door
Snake:2 3 runed translucent doors, Xitaol's ghost, adept SpEn
Elf:2 3 runed doors, exclusion: 3 doors


Innate Abilities, Weirdness & Mutations

You do not eat or drink.
Your flesh is vulnerable to fire.
You are immune to poison.
You possess an exceptional clarity of mind.
Your flesh is cold resistant. (rC+)
You are immune to negative energy. (rN+++)
You are immune to unholy pain and torment.
You can survive without breathing.
Your hexes are more powerful.


Message History

The arrow hits you!!
* * * LOW HITPOINT WARNING * * *
Press: ? - help, v - describe, . - travel
Here: a deep elf master archer, wielding a +0 longbow, wearing a +0 leather armour and quivering 183 arrows (grey smoke)
You hit the deep elf master archer.
The deep elf master archer is lightly wounded.
The deep elf master archer shoots an arrow.
The arrow hits you!!
* * * LOW HITPOINT WARNING * * *
The deep elf master archer shoots an arrow.
The arrow hits you!
* * * LOW HITPOINT WARNING * * *
As you read the scroll of teleportation, it crumbles to dust.
You feel strangely unstable.
The deep elf master archer shoots an arrow.
The arrow hits you!
* * * LOW HITPOINT WARNING * * *
The deep elf master archer shoots an arrow.
The arrow hits you!!
You die...

##### #######
##...###.....#
##.....#......####
##.........###.##.##
##........°.###.#.#.##
#...).....§e§§§..###.##
#.....e...§§§##§## ##.#
#....e....§§§@§§.###.##
##.........§###§#.#.##
#.........####.##.## ##
##.#............##.#
.###..##...#.########.#
......######.# #.#
......# ##+#* #.#
.....## ##...## #.####
...### ##.....## #....#


You could see a deep elf master archer.

Vanquished Creatures
  A deep elf blademaster (Elf:3)
  A nagaraja (Snake:1)
  3 deep elf sorcerers
  2 deep elf elementalists (Elf:3)
  The ghost of foxfromabyss the Severer, a journeyman MiAc of Okawaru (D:10)
  A deep elf demonologist (Elf:2)
  A minotaur (Gauntlet)
  2 deep elf annihilators
  2 deep elf death magi
  Urug (Lair:4)
  Snorg (Lair:3)
  A rakshasa (Snake:1)
  Harold (Lair:6)
  5 hydras
  3 naga warriors
  2 catoblepae
  Erica (D:10)
  11 anacondas
  4 ogre magi (Orc)
  A queen ant (Gauntlet)
  18 dancing weapons
  2 tengu warriors
  15 two-headed ogres
  2 naga sharpshooters
  An orc high priest (Orc)
  5 shock serpents
  3 thrashing horrors (Lair:6)
  14 deep elf knights
  A fire crab (shapeshifter) (Lair:6)
  6 centaur warriors
  2 salamander mystics
  A large abomination (Lair:6)
  2 skeletal warriors (D:12)
  A flayed ghost (D:12)
  5 naga ritualists
  11 deep elf archers
  An orange crystal statue (Gauntlet)
  6 mana vipers
  A necromancer (D:12)
  An orc knight (D:12)
  7 ugly things
  51 deep elf magi
  A stone giant zombie (D:12)
  A frost giant zombie (D:12)
  9 salamanders
  2 orc sorcerers (Orc)
  13 naga magi
  An orb spider (shapeshifter) (Elf:1)
  A fire giant zombie (D:12)
  3 manticores
  A faun (D:12)
  A fire giant skeleton (D:12)
  7 elephants
  27 black mambas
  2 guardian serpents (Snake:1)
  A gargoyle (D:12)
  A torpor snail (Lair:6)
  16 cane toads
  12 komodo dragons
  3 rime drakes
  A jumping spider (Lair:4)
  A yaktaur (D:12)
  3 flying skulls (Gauntlet)
  An efreet (D:10)
  5 tengu conjurers
  An eye of draining (D:11)
  2 queen bees
  2 ancient zymes (Lair:6)
  6 trolls
  23 blink frogs
  A hornet (shapeshifter) (Lair:6)
  7 hippogriffs
  2 meliai zombies
  A harpy skeleton (D:12)
  3 slime creatures (D:12)
  A water elemental (D:12)
  A fire bat (shapeshifter) (Elf:3)
  A tarantella (shapeshifter) (Lair:6)
  Sigmund (D:3)
  2 air elementals (Elf:1)
  38 yaks
  A yak (shapeshifter) (Lair:6)
  2 spriggans (Lair:6)
  3 wyverns
  2 shadows (D:11)
  A vampire (D:12)
  A hog (shapeshifter) (D:12)
  A steam dragon (Lair:1)
  5 fire elementals
  9 basilisks
  2 chaos spawn (Lair:6)
  2 hungry ghosts
  Menkaure (D:7)
  3 vampire mosquitoes (D:12)
  13 nagas
  9 water moccasins
  4 wargs
  9 crocodiles
  6 porcupines
  5 soldier ants (Gauntlet)
  A phantom (D:8)
  A soldier ant (shapeshifter) (Lair:6)
  A cane toad skeleton (D:10)
  3 ice beasts
  3 sky beasts
  10 small abominations (Lair:6)
  16 orc warriors
  A necrophage (D:8)
  28 ogres
  2 kobold brigands (D:6)
  3 earth elementals
  11 bullfrogs
  13 centaurs
  3 scorpions
  26 killer bees
  2 electric eels
  3 howler monkeys
  12 orc priests
  12 crimson imps
  4 bullfrog zombies
  3 jellies
  8 hounds
  21 orc wizards
  An iron imp (D:5)
  Jessica (D:3)
  An iguana (D:4)
  14 worker ants
  2 hound zombies
  5 hound skeletons
  4 mummies (Ossuary)
  2 worker ant zombies (D:8)
  4 gnolls (D:10)
  A howler monkey skeleton (D:4)
  13 adders
  3 shadow imps
  2 adder skeletons
  3 adder zombies
  3 worms
  3 dart slugs (D:2)
  A leopard gecko (D:1)
  83 orcs
  A giant cockroach (D:1)
  5 gnoll zombies (Ossuary)
  2 goblins (D:3)
  8 hobgoblins
  9 jackals
  15 kobolds
  3 quokkas
  A ball python (D:2)
  3 bats
  2 frilled lizards
  7 gnoll skeletons (Ossuary)
  3 goblin skeletons (Ossuary)
  5 goblin zombies
  2 hobgoblin skeletons (Ossuary)
  3 hobgoblin zombies (Ossuary)
  6 kobold skeletons (Ossuary)
  3 kobold zombies (Ossuary)
  4 orc skeletons (Ossuary)
  7 orc zombies (Ossuary)
  6 rats
  3 rat skeletons (Ossuary)
  4 rat zombies (Ossuary)
  2 bushes (Lair:6)
  A fungus (Lair:6)
  2 plants
925 creatures vanquished.

Vanquished Creatures (collateral kills)
  A killer bee (D:8)
  A crimson imp (D:8)
2 creatures vanquished.

Vanquished Creatures (others)
  A deep elf archer (Elf:3)
  A water elemental (Elf:2)
  A fire elemental (Elf:2)
  A killer bee (D:8)
  21 fungi
  36 plants
  9 toadstools (Lair:5)
70 creatures vanquished.

Grand Total: 997 creatures vanquished

Notes
Turn   | Place    | Note
-------+----------+-------------------------------------------
     0 | D:1      | Mehrunes the Mummy Wizard began the quest for the Orb.
     0 | D:1      | Reached XP level 1. HP: 13/13 MP: 5/5
    67 | D:1      | Reached skill level 1 in Conjurations
   199 | D:1      | Reached XP level 2. HP: 20/20 MP: 1/7
  1070 | D:2      | Found a faded altar of an unknown god.
  1186 | D:2      | Found an iron altar of Okawaru.
  1191 | D:2      | Reached skill level 1 in Fighting
  1360 | D:2      | Found a hide-covered altar of Uskayaw.
  1450 | D:1      | Reached XP level 3. HP: 22/26 MP: 0/8
  2098 | D:1      | Learned a level 3 spell: Mephitic Cloud
  2102 | D:1      | Learned a level 3 spell: Conjure Flame
  2284 | D:3      | Found a glowing silver altar of Zin.
  2466 | D:3      | Noticed Sigmund
  2487 | D:3      | Killed Sigmund
  2488 | D:3      | Reached skill level 2 in Fighting
  2488 | D:3      | Reached skill level 1 in Short Blades
  2488 | D:3      | Reached XP level 4. HP: 33/33 MP: 4/10
  2488 | D:3      | Reached XP level 5. HP: 38/38 MP: 4/12
  2675 | D:3      | Reached skill level 5 in Spellcasting
  2723 | D:3      | Found a shimmering altar of Xom.
  3000 | D:2      | Found an iron altar of Okawaru.
  3001 | D:2      | Found a hide-covered altar of Uskayaw.
  3031 | D:2      | Found a faded altar of an unknown god.
  3398 | D:3      | Reached XP level 6. HP: 45/45 MP: 9/13
  3790 | D:1      | Learned a level 2 spell: Call Imp
  4482 | D:3      | Found an opulent altar of Gozag.
  4491 | D:3      | Found a stormy altar of Qazlal.
  4622 | D:3      | Noticed Jessica
  4634 | D:3      | Killed Jessica
  4959 | D:3      | Reached skill level 3 in Fighting
  5032 | D:3      | Found a burning altar of Makhleb.
  5125 | D:4      | Noticed a sky beast
  5350 | D:4      | Reached XP level 7. HP: 52/52 MP: 10/14
  5579 | D:4      | Noticed a two-headed ogre
  5959 | D:4      | Found Yhey's Weapon Boutique.
  6460 | D:4      | Killed a two-headed ogre
  6461 | D:4      | Reached skill level 4 in Fighting
  6461 | D:4      | Reached XP level 8. HP: 18/61 MP: 6/15
  6767 | D:4      | Reached skill level 5 in Fighting
  7274 | D:5      | Entered Level 5 of the Dungeon
  7282 | D:5      | Got a scintillating marble ring
  7502 | D:5      | Identified the ring of Sloth {Ice Int+3} (You found it on
                  | level 5 of the Dungeon)
  7570 | D:5      | Got a fine copper ring
  7574 | D:5      | Identified the ring of Xom's Brutal Revenge {+Blink
                  | Stlth--} (You found it on level 5 of the Dungeon)
  7615 | D:5      | Reached XP level 9. HP: 67/68 MP: 16/16
  7670 | D:5      | Found a shattered altar of Ashenzari.
  7812 | D:5      | Found a snail-covered altar of Cheibriados.
  7883 | D:5      | Reached skill level 5 in Dodging
  8008 | D:5      | Found Uvveh's General Store.
  8084 | D:5      | Found a sacrificial altar of Ru.
  8336 | D:5      | Reached skill level 6 in Fighting
  8336 | D:5      | Reached skill level 5 in Conjurations
  8663 | D:5      | Found a shattered altar of Ashenzari.
  8751 | D:5      | Found Uvveh's General Store.
  8781 | D:5      | Found a sacrificial altar of Ru.
  9043 | D:6      | Reached skill level 5 in Short Blades
  9381 | D:6      | Reached skill level 7 in Fighting
 10125 | D:6      | Reached skill level 8 in Fighting
 10295 | D:7      | Found a staircase to the Ecumenical Temple.
 10302 | Temple   | Entered the Ecumenical Temple
 10406 | Temple   | Became a worshipper of Vehumet
 10480 | D:7      | Found Fait's Assorted Antiques.
 10491 | D:7      | Bought a gnarled runed staff for 312 gold pieces
 10705 | D:7      | Reached XP level 10. HP: 78/82 MP: 17/17
 10749 | D:7      | Noticed Menkaure
 10761 | D:7      | Reached skill level 9 in Fighting
 10762 | D:7      | Killed Menkaure
 11153 | D:7      | Found a blossoming altar of Fedhas.
 11286 | D:7      | Found Ynuhocum's Antique Armour Shoppe.
 11395 | D:8      | Found an ornate altar of the Wu Jian Council.
 11552 | D:8      | Found a sand-covered staircase.
 11561 | Ossuary  | Entered an ossuary
 11594 | Ossuary  | Reached * piety under Vehumet
 11594 | Ossuary  | Offered knowledge of Sandblast by Vehumet.
 11952 | Ossuary  | Reached ** piety under Vehumet
 11952 | Ossuary  | Offered knowledge of Searing Ray by Vehumet.
 11956 | Ossuary  | Learned a level 2 spell: Searing Ray
 12375 | D:8      | Found a glowing golden altar of the Shining One.
 12576 | D:8      | Offered knowledge of Iskenderun's Mystic Blast by Vehumet.
 12582 | D:8      | Learned a level 3 spell: Iskenderun's Mystic Blast
 12693 | D:8      | Reached *** piety under Vehumet
 13240 | D:8      | Reached skill level 10 in Fighting
 13358 | D:8      | Got an iridescent long sword
 13747 | D:9      | Offered knowledge of Sticky Flame by Vehumet.
 13769 | D:9      | Learned a level 4 spell: Sticky Flame
 13948 | D:9      | Noticed a centaur warrior
 13963 | D:9      | Killed a centaur warrior
 13964 | D:9      | Reached XP level 11. HP: 51/91 MP: 20/20
 13967 | D:9      | Found a staircase to the Lair.
 14873 | D:9      | Found a corrupted altar of Lugonu.
 15010 | D:10     | Entered Level 10 of the Dungeon
 15035 | D:10     | Reached **** piety under Vehumet
 15064 | D:10     | Offered knowledge of Airstrike by Vehumet.
 15533 | D:10     | Noticed Erica
 15543 | D:10     | Killed Erica
 15550 | D:10     | Noticed a cyan ugly thing
 15560 | D:10     | Killed a cyan ugly thing
 15679 | D:10     | Found a runed translucent gate.
 15681 | D:10     | Found a runed translucent gate.
 15682 | D:10     | Found a runed translucent gate.
 15684 | D:10     | Noticed foxfromabyss's ghost (journeyman MiAc)
 15923 | D:10     | Noticed a red ugly thing
 15943 | D:10     | Killed a red ugly thing
 16376 | Lair:1   | Entered Level 1 of the Lair of Beasts
 16781 | Lair:1   | Got a faintly humming ring mail
 16846 | Lair:1   | Reached skill level 11 in Fighting
 17674 | Lair:2   | Noticed an eight-headed hydra
 17714 | Lair:2   | Reached XP level 12. HP: 82/100 MP: 19/24
 18336 | Lair:2   | Killed an eight-headed hydra
 18715 | Lair:2   | Found a runed translucent door.
 18718 | Lair:2   | Identified the +5 trident of Hoofosuhu {holy, Int+4}
 18753 | Lair:2   | Noticed a four-headed hydra
 18778 | Lair:2   | Killed a four-headed hydra
 18850 | Lair:2   | Noticed zoran's ghost (journeyman DsCK)
 18898 | Lair:2   | Noticed a four-headed hydra
 18952 | Lair:1   | Killed a four-headed hydra
 19097 | Lair:2   | Reached skill level 12 in Fighting
 19650 | Lair:3   | Noticed Snorg
 19716 | Lair:3   | Killed Snorg
 19832 | Lair:3   | Found a hide-covered altar of Uskayaw.
 19897 | Lair:3   | Found a staircase to the Snake Pit.
 20220 | Lair:3   | Noticed a seven-headed hydra
 20226 | Lair:3   | Killed a seven-headed hydra
 20227 | Lair:3   | Reached skill level 1 in Armour
 20738 | Lair:4   | Identified the +4 ring mail of Qyog {Int+3} (You found it
                  | on level 1 of the Lair of Beasts)
 20749 | Lair:4   | Noticed Urug
 20852 | Lair:4   | Noticed a catoblepas
 20965 | Lair:4   | Reached ***** piety under Vehumet
 21072 | Lair:4   | Offered knowledge of Throw Icicle by Vehumet.
 21082 | Lair:4   | Learned a level 4 spell: Throw Icicle
 21176 | Lair:4   | Killed a catoblepas
 21177 | Lair:4   | Reached XP level 13. HP: 109/109 MP: 16/25
 21377 | Lair:4   | Found a hole to the Spider Nest.
 21635 | Lair:4   | Killed Urug
 21747 | Lair:4   | Reached skill level 13 in Fighting
 24212 | Lair:5   | Reached skill level 10 in Conjurations
 24224 | Lair:5   | Reached skill level 5 in Armour
 24917 | Lair:5   | Found a runed door.
 25422 | D:11     | Reached skill level 10 in Spellcasting
 26232 | D:11     | Found a staircase to the Orcish Mines.
 26895 | Orc      | Entered the Orcish Mines
 27066 | Orc      | Reached XP level 14. HP: 119/119 MP: 23/28
 27317 | D:11     | Reached skill level 14 in Fighting
 27319 | D:11     | Offered knowledge of Fulminant Prism by Vehumet.
 27705 | Orc      | Found Isemish's Antique Weapon Shoppe.
 27706 | Orc      | Found Luifoip's Gadget Shop.
 28019 | Orc      | Found Ryvarpho's Assorted Antiques.
 28020 | Orc      | Found Ejoputz's Food Emporium.
 28069 | Orc      | Found Kuqopt's Armour Shop.
 28069 | Orc      | Found Tadgh's General Store.
 28086 | Orc      | Found Cifrawky's Assorted Antiques.
 28095 | Orc      | Bought a scroll labeled BUIR WUKOKKIUZ for 29 gold pieces
 28095 | Orc      | Bought 3 scrolls of blinking for 652 gold pieces
 28231 | Orc      | Found Cez Jaol's Jewellery Boutique.
 28261 | Orc      | Found a viscous altar of Jiyva.
 28262 | Orc      | Bought the ring "Nurrisen" {*Drain rN+ MR+ AC+2 Int+4} for
                  | 444 gold pieces
 28262 | Orc      | Bought the amulet "Onlas" {Gourm Int+3 Dex+5 Stlth-} for
                  | 711 gold pieces
 28333 | Orc      | Found a staircase to the Slime Pits.
 28409 | Orc      | Found a roughly hewn altar of Beogh.
 28741 | D:12     | Entered Level 12 of the Dungeon
 29240 | D:12     | Offered knowledge of Bolt of Magma by Vehumet.
 29247 | D:12     | Learned a level 5 spell: Bolt of Magma
 29321 | D:12     | Found a staircase to the Depths.
 29452 | D:12     | Reached skill level 1 in Fire Magic
 29849 | D:12     | Found a gate to the Vaults.
 29849 | D:12     | Found a runed translucent door.
 30496 | D:12     | Found Irghaek's Book Shoppe.
 30905 | Lair:6   | Entered Level 6 of the Lair of Beasts
 30940 | Lair:6   | Found a dark tunnel.
 30949 | Volcano  | Entered a volcano
 30958 | Volcano  | Reached skill level 1 in Shields
 30958 | Volcano  | Reached XP level 15. HP: 114/127 MP: 15/31
 31134 | Lair:6   | Found a staircase to the Elven Halls.
 31136 | Lair:6   | Found a gate leading to a gauntlet.
 31145 | Gauntlet | Entered a Gauntlet
 31145 | Gauntlet | Found a transporter.
 31154 | Gauntlet | Found a transporter.
 31169 | Gauntlet | Found a transporter.
 31175 | Gauntlet | Found a transporter.
 31192 | Gauntlet | Found a transporter.
 31209 | Gauntlet | Found a transporter.
 31221 | Gauntlet | Found a transporter.
 31233 | Gauntlet | Found a transporter.
 31245 | Gauntlet | Found a transporter.
 31257 | Gauntlet | Found a transporter.
 31276 | Gauntlet | Found a transporter.
 31291 | Gauntlet | Found a transporter.
 31293 | Gauntlet | Found a transporter.
 31319 | Gauntlet | Found a transporter.
 31321 | Gauntlet | Found a transporter.
 31323 | Gauntlet | Found a transporter.
 31345 | Gauntlet | Found a transporter.
 31425 | Gauntlet | Found a transporter.
 31891 | Gauntlet | Got a smouldering helmet
 31902 | Gauntlet | Identified the +1 helmet "Xefareu" {Str+5 Int+2} (You found
                  | it in a Gauntlet)
 32449 | Lair:6   | Noticed Harold
 32467 | Lair:6   | Killed Harold
 32468 | Lair:6   | Reached skill level 15 in Fighting
 33039 | Lair:6   | Reached skill level 1 in Earth Magic
 33226 | Lair:6   | Reached ****** piety under Vehumet
 33832 | Lair:6   | Identified the +5 long sword "Intapteh" {slice, +Blink
                  | +Rage rC+ Dex+3} (You found it on level 8 of the Dungeon)
 33929 | Lair:6   | Found a one-way gate to the infinite horrors of the Abyss.
 33929 | Lair:6   | Found a corrupted altar of Lugonu.
 34369 | Lair:6   | Offered knowledge of Fireball by Vehumet.
 34409 | Lair:6   | Learned a level 5 spell: Fireball
 35098 | Snake:1  | Entered Level 1 of the Snake Pit
 35360 | Snake:1  | Reached skill level 5 in Fire Magic
 35676 | Snake:1  | Found Sules's Gadget Shop.
 36263 | Snake:1  | Reached skill level 5 in Shields
 36492 | Snake:1  | Noticed a nagaraja
 36745 | Snake:1  | Reached XP level 16. HP: 138/138 MP: 24/32
 37413 | Snake:2  | Found a shimmering altar of Xom.
 37824 | Snake:2  | Reached skill level 16 in Fighting
 38009 | Snake:2  | Learned a level 6 spell: Iron Shot
 38511 | Snake:2  | Found a runed translucent gate.
 38511 | Snake:2  | Found a runed translucent gate.
 38511 | Snake:2  | Found a runed translucent gate.
 38516 | Snake:2  | Noticed Xitaol's ghost (adept SpEn)
 38542 | Snake:2  | Offered knowledge of Conjure Ball Lightning by Vehumet.
 38548 | Snake:2  | Reached skill level 5 in Earth Magic
 39999 | D:10     | Killed foxfromabyss's ghost
 40423 | Elf:1    | Entered Level 1 of the Elven Halls
 41749 | Elf:1    | Reached XP level 17. HP: 146/146 MP: 10/33
 42062 | Elf:1    | Offered knowledge of Mana Rupture by Vehumet.
 42108 | Elf:1    | Found Yrghup's Weapon Emporium.
 42147 | Elf:1    | Identified the +3 hand crossbow of Xoboum {freeze, *Corrode
                  | rElec rPois Dex+5}
 42799 | Elf:2    | Noticed a Brimstone Fiend
 42946 | Elf:2    | Reached skill level 17 in Fighting
 43492 | Elf:2    | Found a runed gate.
 43492 | Elf:2    | Found a runed gate.
 43492 | Elf:2    | Found a runed gate.
 43846 | Elf:3    | Entered Level 3 of the Elven Halls
 43887 | Elf:3    | Found Malac Atz's Food Boutique.
 44624 | Elf:3    | Offered knowledge of Bolt of Fire by Vehumet.
 44643 | Elf:3    | HP: 7/147 [ghostly deep elf knight/stone (16)]
 44875 | Elf:3    | Identified the +0 chain mail "Qoffouv" {rElec MP+9 Str+10
                  | Int-5}
 44875 | Elf:3    | Noticed a deep elf blademaster
 44893 | Elf:3    | Killed a deep elf blademaster
 45251 | Elf:3    | Noticed a deep elf master archer
 45260 | Elf:3    | HP: 3/147 [deep elf master archer/arrow (11)]
 45261 | Elf:3    | Shot with an arrow by a deep elf master archer

Skill      XL: |  1  2  3  4  5  6  7  8  9 10 11 12 13 14 15 16 17 |
---------------+----------------------------------------------------+-----
Conjurations   | 1 2 4 5 6 7 9 10 | 10.0
Fighting       | 1 2 3 4 5 8 10 11 12 13 14 15 16 17 | 17.4
Dodging        | 2 3 4 5 7 8 |  8.1
Short Blades   | 1 2 3 4 6 7 8 |  8.3
Spellcasting   | 5 6 8 10 12 | 12.0
Armour         | 3 5 7 |  7.2
Fire Magic     | 2 5 8 9 |  9.4
Shields        | 1 5 7 9 |  9.0
Earth Magic    | 3 6 |  6.0
Stealth        | |  2.1
Summonings     | |  0.7
Translocations | |  0.7
Air Magic      | |  0.5
Poison Magic   | |  0.5

Action                   |  1- 3 |  4- 6 |  7- 9 | 10-12 | 13-15 | 16-18 || total
-------------------------+-------+-------+-------+-------+-------+-------++-------
Melee: Staff             |     7 |       |       |     9 |     5 |     7 ||    28
       Dagger            |    31 |   115 |       |       |       |       ||   146
       Rapier            |       |    43 |   334 |   222 |   160 |    32 ||   791
       Falchion          |       |    14 |       |       |       |       ||    14
 Cast: Magic Dart        |    98 |    85 |   196 |   150 |    21 |     1 ||   551
       Mephitic Cloud    |     4 |     6 |    42 |    52 |    45 |     1 ||   150
       Conjure Flame     |       |       |    10 |    12 |     4 |       ||    26
       Iskenderun's Myst |       |       |       |   140 |       |     1 ||   141
       Searing Ray       |       |       |       |    85 |    34 |    49 ||   168
       Sticky Flame      |       |       |       |     5 |       |     1 ||     6
       Call Imp          |       |       |       |     3 |     3 |       ||     6
       Throw Icicle      |       |       |       |     7 |   371 |    16 ||   394
       Bolt of Magma     |       |       |       |       |   203 |    77 ||   280
       Fireball          |       |       |       |       |     7 |    16 ||    23
       Iron Shot         |       |       |       |       |       |   101 ||   101
Evoke: Wand              |       |       |       |     2 |     6 |     1 ||     9
  Use: Scroll            |     3 |       |     2 |     6 |    20 |    12 ||    43
 Stab: Confused          |     6 |     4 |    25 |    14 |    13 |       ||    62
       Sleeping          |     1 |       |       |     1 |       |       ||     2
       Distracted        |       |       |       |     1 |       |       ||     1
Armor: Robe              |    17 |    54 |    74 |   126 |       |       ||   271
       Ring mail         |       |       |       |    10 |   205 |   112 ||   327
Dodge: Dodged            |    41 |   132 |   256 |   431 |   341 |   129 ||  1330
Block: Buckler           |       |       |       |       |    23 |   110 ||   133
